 Dungeon Crawl Stone Soup version 0.28-a0-407-g69098e2f6d (webtiles) character file.

Game seed: 5502113381042343186

1943 Spaninq the Cleaver (level 9, -2/81 HPs)
             Began as a Hill Orc Cinder Acolyte on Sept 5, 2021.
             Was a High Priest of Ignis.
             Killed from afar by Dowan (10 damage)
             ... with a shard of ice
             ... on level 7 of the Dungeon.
             The game lasted 00:21:22 (11325 turns).

Spaninq the Cleaver (Hill Orc Cinder Acolyte)      Turns: 11325, Time: 00:21:24

Health: -2/81      AC: 12    Str: 18    XL:     9   Next: 18%
Magic:  10/10      EV:  5    Int: 14    God:    Ignis [*****.]
Gold:   355        SH:  0    Dex:  8    Spells: 8/10 levels left

rFire   + + .      SeeInvis .   x - +0 hand axe
rCold   + . .      Faith    .   (no shield)
rNeg    . . .      Spirit   .   i - +0 plate armour
rPois   +          Reflect  .   (no helmet)
rElec   +          Harm     .   (no cloak)
rCorr   +          Rampage  .   (no gloves)
Will    .....                   (no boots)
Stlth   ..........              (no amulet)
HPRegen 0.23/turn               (no ring)
MPRegen 0.12/turn               (no ring)

@: lethally poisoned (-2 -> -16), resistant
A: no striking features
a: Renounce Religion, Sea of Fire, Foxfire Swarm, Rising Flame


You were on level 7 of the Dungeon.
You worshipped Ignis.
Ignis was extremely pleased with you.
You visited 2 branches of the dungeon, and saw 8 of its levels.

You collected 355 gold pieces.

Inventory:

Hand Weapons
 a - a -1 hand axe of flaming
 x - a +0 hand axe (weapon)
 z - a +0 hand crossbow
Missiles
 m - a throwing net
 y - 60 bolts
Armour
 i - a +0 plate armour (worn)
Jewellery
 d - a ring of flight
Wands
 h - a wand of acid (5)
 l - a wand of iceblast (10)
 w - a wand of mindburst (17)
Scrolls
 c - 6 scrolls of identify
 e - 2 scrolls of blinking {unknown}
 f - 2 scrolls of enchant weapon {unknown}
 j - a scroll of noise {unknown}
 k - 2 scrolls of summoning {unknown}
 o - 5 scrolls of teleportation {unknown}
 q - a scroll of magic mapping {unknown}
 r - 2 scrolls of enchant armour {unknown}
 t - 3 scrolls of amnesia {unknown}
Potions
 g - 3 potions of brilliance
 p - a potion of mutation
 v - a potion of invisibility {unknown}


   Skills:
 + Level 8.0 Fighting
 * Level 11.5 Axes
 + Level 5.7 Armour
 - Level 1.0 Spellcasting
 - Level 3.2 Fire Magic


You had 8 spell levels left.
You knew the following spells:

 Your Spells              Type           Power      Damage    Failure   Level
a - Scorch                Fire           18%        2d6       98%         2

Your spell library contained the following spells:

 Spells                   Type           Power      Damage    Failure   Level
 Sting                    Tmut/Pois      0%         1d3       100%        1
 Gell's Gravitas          Tloc           0%         N/A       100%        3
 Ignite Poison            Fire/Tmut/Pois 3%         N/A       100%        3
 Stone Arrow              Conj/Erth      0%         3d7       100%        3
 Teleport Other           Tloc           0%         N/A       100%        3
 Petrify                  Tmut/Erth      0%         N/A       100%        4
 Dispersal                Tloc           0%         N/A       100%        6


Dungeon Overview and Level Annotations

Branches:
Dungeon (7/15)             Temple (1/1) D:7

Altars:
Ashenzari
Cheibriados
Dithmenos
Fedhas
Gozag
Hepliaklqana
Kikubaaqudgha
Makhleb
Nemelex Xobeh
Qazlal
Ru
Sif Muna
Uskayaw
Vehumet
Wu Jian
Yredelemnul

Annotations:
D:6 1 runed translucent door, Crazy Yiuf
D:7 Dowan


Message History

You slash Dowan!
Dowan is moderately wounded.
You feel sick.
Dowan hits you with a +6 dagger of venom.
You are more poisoned.
Aiming: Corrosive Bolt
Press: ? - help, Shift-Dir - straight line, f - Dowan
Aim: Dowan, wielding a +6 dagger of venom and wearing a +0 robe (moderately wounded, fast, 60% to hit)
The bolt of acid misses Dowan.
You feel very sick.
Dowan hits you with a +6 dagger of venom!
* * * LOW HITPOINT WARNING * * *
You are lethally poisoned!
Aiming: Corrosive Bolt
Press: ? - help, Shift-Dir - straight line, f/p - Dowan
Aim: Dowan, wielding a +6 dagger of venom and wearing a +0 robe (moderately wounded, fast, 60% to hit)
The bolt of acid misses Dowan.
* * * LOW HITPOINT WARNING * * *
You feel extremely sick.
Dowan hits you with a +6 dagger of venom.
* * * LOW HITPOINT WARNING * * *
You are more poisoned.
Dowan hits you with a +6 dagger of venom.
* * * LOW HITPOINT WARNING * * *
You are more poisoned.
You feel better. Dowan hits you but does no damage.
You hit Dowan but do no damage.
Dowan is moderately wounded.
Dowan hits you with a +6 dagger of venom.
* * * LOW HITPOINT WARNING * * *
You are poisoned.
Okay, then.
It was a potion of resistance.
You feel protected.
* * * LOW HITPOINT WARNING * * *
You feel sick. Dowan hits you but does no damage.
You are lethally poisoned!
Dowan gestures at you while chanting. The shard of ice hits you!
You partially resist.
You die...

........# ####....
###.#...####...!.....#
.)##.
...........+.........+
... #
###.#...####.........
..# #.##..# .......
.## ###.###.# .....
........# ...
###.##### #e# #.#
####@##### #.#
###........# ###.####
#.......##.#
....†..####.#.#...#
.##................#
.#####.####..........
.# #.# #.......##.#
.#####.# ###.###.# .#
.......# #.# .# #


You could see Dowan (fast).

Vanquished Creatures
  Sigmund (D:4)
  2 steam dragons
  Menkaure (D:6)
  Duvessa (D:7)
  2 ogres (D:4)
  A centaur (D:7)
  A kobold brigand (D:7)
  A bullfrog (D:7)
  3 scorpions
  A wyvern skeleton (D:5)
  An orc priest (D:6)
  2 bullfrog zombies
  A hound (D:4)
  3 centaur skeletons
  2 jellies
  An orc wizard (D:4)
  3 iguanas
  A scorpion zombie (D:3)
  A killer bee zombie (D:7)
  A hound skeleton (D:4)
  4 gnolls
  9 adders
  A white imp (D:6)
  An ufetubus (D:5)
  An adder skeleton (D:4)
  4 worms
  2 dart slugs
  18 orcs
  5 ball pythons
  6 endoplasms
  A giant cockroach (D:3)
  6 goblins
  6 hobgoblins
  15 jackals
  8 kobolds
  A quokka (D:1)
  6 bats
  6 frilled lizards
  10 rats
140 creatures vanquished.

Notes
Turn   | Place    | Note
-------+----------+-------------------------------------------
     0 | D:1      | Spaninq the Hill Orc Cinder Acolyte began the quest for the
                  | Orb.
     0 | D:1      | Reached XP level 1. HP: 19/19 MP: 2/2
   211 | D:1      | Reached XP level 2. HP: 18/27 MP: 3/3
   214 | D:1      | Learned a level 2 spell: Scorch
   713 | D:1      | Found a faded altar of an unknown god.
   718 | D:1      | Reached skill level 5 in Axes
   813 | D:1      | Reached XP level 3. HP: 33/33 MP: 1/4
  2132 | D:2      | Found a hide-covered altar of Uskayaw.
  2893 | D:2      | Reached XP level 4. HP: 34/41 MP: 0/5
  3430 | D:3      | Reached skill level 6 in Axes
  4092 | D:3      | Reached XP level 5. HP: 22/47 MP: 6/6
  4337 | D:3      | Got the Compendium of Toxins and Clay
  4485 | D:3      | Reached skill level 1 in Armour
  5445 | D:3      | Reached skill level 5 in Fighting
  5493 | D:3      | Reached skill level 7 in Axes
  5493 | D:3      | Reached XP level 6. HP: 43/56 MP: 7/7
  5841 | D:4      | Noticed Sigmund
  6461 | D:4      | Killed Sigmund
  6462 | D:4      | Reached skill level 8 in Axes
  6462 | D:4      | Reached XP level 7. HP: 40/62 MP: 8/8
  7453 | D:4      | Found a shimmering blue altar of Sif Muna.
  7454 | D:4      | Found a blossoming altar of Fedhas.
  7568 | D:5      | Entered Level 5 of the Dungeon
  7635 | D:5      | Reached skill level 9 in Axes
  8229 | D:5      | Reached XP level 8. HP: 60/71 MP: 9/9
  9137 | D:6      | Reached skill level 10 in Axes
  9681 | D:6      | Noticed Menkaure
  9708 | D:6      | Killed Menkaure
 10060 | D:6      | Found a runed translucent door.
 10061 | D:6      | Noticed Crazy Yiuf
 10389 | D:7      | Reached skill level 5 in Armour
 10476 | D:7      | Found a staircase to the Ecumenical Temple.
 10505 | Temple   | Entered the Ecumenical Temple
 10878 | D:7      | Reached skill level 11 in Axes
 10878 | D:7      | Reached XP level 9. HP: 45/80 MP: 10/10
 11295 | D:7      | Noticed Duvessa
 11295 | D:7      | Noticed Dowan
 11318 | D:7      | Killed Duvessa
 11325 | D:7      | Killed from afar by Dowan

Illustrated notes

Levels and vault maps discovered:
D:1:      lightli_arrival_flooded_house, layout_basic,
          hellmonk_ecumenical_altar_blasted, serial_shops, shop_statue,
          minmay_pentomino_z2
D:2:      layout_basic, basic_altar
D:3:      layout_basic
D:4:      layout_layer_cave, gammafunk_temple_overflow_statue, uniq_sigmund
D:5:      layout_gridville
D:6:      layout_loops_ring, uniq_crazy_yiuf_cottage, uniq_menkaure
D:7:      layout_loops_corners, minmay_temple_entry_sparse_star,
          nicolae_inconvenience_store, minmay_manual_monstrance, uniq_duvessa
Temple:   eino_temple_water

Skill      XL: |  1  2  3  4  5  6  7  8  9 |
---------------+----------------------------+-----
Fighting       | 4 5 6 7 8 |  8.0
Axes           | 5 6 7 8 9 11 | 11.5
Armour         | 1 2 4 5 |  5.7
Spellcasting   | |  1.0
Fire Magic     | |  3.2

Action                   |  1- 3 |  4- 6 |  7- 9 || total
-------------------------+-------+-------+-------++-------
Melee: Hand axe          |    49 |   228 |   313 ||   590
 Cast: Scorch            |    37 |       |       ||    37
Evoke: Wand              |       |       |     6 ||     6
  Use: Potion            |       |     3 |     5 ||     8
       Scroll            |       |     1 |       ||     1
Armor: Robe              |     9 |       |       ||     9
       Ring mail         |     1 |       |       ||     1
       Chain mail        |       |    93 |    95 ||   188
       Skin              |       |     2 |       ||     2
       Plate armour      |       |       |    49 ||    49
Dodge: Dodged            |    29 |    78 |   105 ||   212

Table legend: (Time is in decaauts)
 A = Elapsed time spent in this place.
 B = Non-inter-level travel time spent in this place.
 C = Inter-level travel time spent in this place.
 D = Time resting spent in this place.
 E = Time spent auto-exploring this place.
 F = Levels seen in this place.
 G = Mean time per level.
                   A        B        C        D        E       F      G
               +--------+--------+--------+--------+--------+-----+--------+
         Total |  11273 |  10780 |    493 |   2895 |   6191 |   8 | 1409.1 |
       Dungeon |  11054 |  10575 |    479 |   2895 |   5998 |   7 | 1579.1 |
        Temple |    218 |    204 |     14 |      0 |    193 |   1 |  218.0 |
               +--------+--------+--------+--------+--------+-----+--------+

Top non-repeatable levels by time:
     D:2: 2164 daAuts
     D:3: 2030 daAuts
     D:1: 1805 daAuts
     D:4: 1797 daAuts
     D:6: 1519 daAuts
     D:5: 1032 daAuts
     D:7: 704 daAuts
  Temple: 218 daAuts
